 Dungeon Crawl Stone Soup version 0.19-b1-4-gd8a0a2a (webtiles) character file.

548 Mesmaeker13 the Conjurer (level 6, -1/51 HPs)
             Began as a Demigod Conjurer on Oct 30, 2016.
             Slain by Nicoed's ghost (14 damage)
             ... on level 4 of the Dungeon.
             The game lasted 00:11:22 (5126 turns).

Mesmaeker13 the Conjurer (Demigod Conjurer)         Turns: 5126, Time: 00:11:23

Health: -1/51      AC:  5    Str: 11    XL:     6   Next: 79%
Magic:  7/15       EV: 12    Int: 23    God:
Gold:   199        SH:  0    Dex: 16    Spells: 3 memorised, 7 levels left

rFire  + . .     SeeInvis .     h - +1 dagger (venom)
rCold  . . .     Gourm    .     u - +2 robe {rF+}
rNeg   . . .     Faith    .     (no shield)
rPois  +         Spirit   .     (no helmet)
rElec  .         Reflect  .     m - +0 cloak
rCorr  .         Harm     .     (no gloves)
MR     .....                    (no boots)
Stlth  ++........               (no amulet)
                                (no ring)
                                d - ring of poison resistance (curse)

@: no status effects
A: high mp 1
a: no special abilities


You were on level 4 of the Dungeon.
You were not hungry.

You visited 1 branch of the dungeon, and saw 6 of its levels.

You collected 199 gold pieces.

Inventory:

Hand Weapons
 e - a +1 hand axe of electrocution
 h - a +1 dagger of venom (weapon)
Armour
 m - a +0 cloak (worn)
 u - a +2 robe of fire resistance (worn)
Jewellery
 d - a cursed ring of poison resistance (left hand)
Wands
 s - a wand of confusion (13/48)
Scrolls
 a - a scroll of teleportation
 g - a scroll of recharging
 p - a scroll of magic mapping {unknown}
 r - 2 scrolls of remove curse
 w - a scroll of random uselessness {unknown}
Potions
 j - a potion of cancellation {unknown}
 l - a potion of flight {unknown}
 o - 2 potions of mutation
 q - a potion of lignification {unknown}
 v - a potion of brilliance {unknown}
Books
 b - a book of Conjurations

   Spells                             Type                      Level
   a - Magic Dart                     Conjuration                  1
   b - Searing Ray                    Conjuration                  2
   c - Dazzling Spray                 Conjuration/Hexes            3
   d - Fulminant Prism                Conjuration/Hexes            4
   e - Iskenderun's Mystic Blast      Conjuration                  4
   f - Iskenderun's Battlesphere      Conjuration/Charms           5
Comestibles
 c - 2 bread rations
 f - a meat ration
 i - a royal jelly
 k - a beef jerky
 n - a slice of pizza
 t - 3 chunks of flesh


   Skills:
 + Level 3.2 Fighting
 - Level 1.7 Dodging
 - Level 1.7 Stealth
 + Level 4.2 Spellcasting
 + Level 5.4 Conjurations


You had 7 spell levels left.
You knew the following spells:

 Your Spells              Type           Power        Failure   Level  Hunger
a - Magic Dart            Conj           ####         1%          1    None
b - Searing Ray           Conj           ####..       1%          2    #......
c - Dazzling Spray        Conj/Hex       ###...       12%         3    ##.....


Dungeon Overview and Level Annotations

Branches:
Dungeon (6/15)
 Temple: D:4-7

Annotations:
D:4 Nicoed's ghost, amateur HOFi
D:5 andwo's ghost, novice HEHu


Innate Abilities, Weirdness & Mutations

You have an increased reservoir of magic. (+10% MP)


Message History

The searing ray hits Nicoed's ghost.
Nicoed's ghost hits you.
The searing ray hits Nicoed's ghost.
Nicoed's ghost is lightly damaged.
Nicoed's ghost misses you.
The searing ray hits Nicoed's ghost.
Nicoed's ghost is moderately damaged.
Nicoed's ghost says, "What do you have that I didn't have?"
Nicoed's ghost hits you.
The searing ray hits Nicoed's ghost.
Nicoed's ghost is heavily damaged.
You finish channeling your searing ray.
Nicoed's ghost hits you! Nicoed's ghost hits you!
* * * LOW HITPOINT WARNING * * *
Casting: Searing Ray
Confirm with . or Enter, or press ? or * to list all spells.
Aiming: Searing Ray
Press: ? - help, Shift-Dir - straight line, f/p - Nicoed's ghost
Aim: Nicoed's ghost (heavily damaged)
The searing ray misses Nicoed's ghost.
Nicoed's ghost hits you!
You die...

.# #..##.#####..# .######
###.....#####
...##.#########.............
...#............##.#########
............######.##
..........W## ##...# .#
...##.###..#####.#.#.####
#.#
#####.###<.#..?.W.......#
#.# #
#......#.###@#.#.##.#### #.#
# #.###.##.# ##..........#
#.# # #.# #.##.# #.#......(#
#.# # #.###.##.#
#.#.......####.#
#####.##...#.#
#...........)).#
#...#....#...#
##.......####.<
......##...#.# #.......# #.#
......###.##.#######.......#
#.# ......#
#.##.......(....#### #.#


You could see Nicoed's ghost.

Vanquished Creatures
  Grinder (D:3)
  An ice beast (D:6)
  A howler monkey (D:4)
  3 orc wizards (D:3)
  A worker ant (D:4)
  An ooze (D:3)
  A worm (D:3)
  A dart slug (D:1)
  5 leopard geckos
  17 orcs
  6 bats
  2 giant cockroaches
  11 goblins
  7 hobgoblins
  9 jackals
  3 quokkas
  3 frilled lizards
  10 kobolds
  A leopard gecko skeleton (D:4)
  8 rats
92 creatures vanquished.

Notes
Turn   | Place    | Note
-------+----------+-------------------------------------------
     0 | D:1      | Mesmaeker13 the Demigod Conjurer began the quest for the Orb.
     0 | D:1      | Reached XP level 1. HP: 14/14 MP: 5/5
   578 | D:1      | Reached XP level 2. HP: 20/20 MP: 4/7
   914 | D:1      | Reached skill level 4 in Conjurations
  1309 | D:2      | Learned a level 2 spell: Searing Ray
  1567 | D:2      | Reached XP level 3. HP: 23/26 MP: 7/9
  2266 | D:2      | Learned a level 3 spell: Dazzling Spray
  2831 | D:3      | Found a snail-covered altar of Cheibriados.
  2911 | D:3      | Reached XP level 4. HP: 31/34 MP: 11/11
  3219 | D:3      | Noticed Grinder
  3282 | D:4      | Reached skill level 1 in Fighting
  3440 | D:4      | Found a deep blue altar of Sif Muna.
  3491 | D:4      | Noticed Nicoed's ghost (amateur HOFi)
  3503 | D:5      | Entered Level 5 of the Dungeon
  3503 | D:5      | Noticed an ice beast
  3528 | D:5      | Noticed andwo's ghost (novice HEHu)
  3662 | D:6      | Noticed an ice beast
  3669 | D:6      | Killed an ice beast
  3669 | D:6      | Reached XP level 5. HP: 36/41 MP: 4/13
  3842 | D:5      | Noticed a sky beast
  4026 | D:4      | Found a hazy altar of Hepliaklqana.
  4157 | D:3      | Reached skill level 5 in Conjurations
  4162 | D:3      | Reached XP level 6. HP: 7/50 MP: 5/14
  4769 | D:3      | Killed Grinder
  5126 | D:4      | Slain by Nicoed's ghost

Skill      XL: |  1  2  3  4  5  6 |
---------------+-------------------+-----
Spellcasting   | 2 3 4 |  4.2
Conjurations   | 4 5 |  5.4
Fighting       | 2 3 |  3.2
Dodging        | |  1.7
Stealth        | |  1.7

Action                   |  1- 3 |  4- 6 || total
-------------------------+-------+-------++-------
Melee: Dagger            |   117 |    54 ||   171
 Cast: Magic Dart        |    71 |    15 ||    86
       Searing Ray       |       |    12 ||    12
       Dazzling Spray    |       |     1 ||     1
Evoke: Wand              |       |     2 ||     2
  Use: Scroll            |     5 |     4 ||     9
       Potion            |       |     2 ||     2
 Stab: Sleeping          |       |     1 ||     1
  Eat: Chunk             |     7 |     7 ||    14
Armor: Robe              |    19 |    14 ||    33
Dodge: Dodged            |    69 |    32 ||   101
